Description

fe

Build Order

Get SALT Encoding   

  12  0:00  Probe (Chrono Boost)  split /chrono
  13  0:13  Probe (Chrono Boost)  kamera hotkeys
  14  0:19  Pylon   minimap schauen
  14  0:22  Probe  supplycount schauen
  15  0:37  Probe  
  15  0:40  Gateway  
  16  0:48  Assimilator  
  16  0:49  Probe  
  17  1:01  Probe (Chrono Boost)  1.04 chrono
  19  1:13  Probe (Chrono Boost)  
  19  1:21  Nexus  
  19  1:24  Probe  
  20  1:33  Cybernetics Core   minimap schauen supplycount schauen
  20  1:36  Probe  
  21  1:45  Assimilator  
  21  1:48  Probe  
  21  1:52  Pylon  2.06 chrono
  23  2:10  Adept (Chrono Boost)  
  23  2:11  Warp Gate   minimap schauen supplycount schauen
  27  2:36  Stargate  
  29  2:42  Stalker  
  35  3:10  Gateway x2  3.09 chrono
  37  3:19  Oracle (Chrono Boost)  
  41  3:24  Pylon  
  43  3:36  Assimilator x2   minimap schauen supplycount schauen
  44  3:45  Robotics Facility  3.50 warpin
  47  3:57  Phoenix (Chrono Boost)  
  47  4:00  Pylon  4.12 chrono
  52  4:20  Sentry  4.13 warpin
  55  4:26  Pylon  
  56  4:35  Nexus  4.36 warpin
  56  4:39  Warp Prism (Chrono Boost)  
  60  4:52  Sentry x2   minimap schauen supplycount schauen
  64  4:54  Adept  4.59 warpin
  68  5:02  Twilight Council  
  68  5:03  Forge  
  71  5:16  Observer (Chrono Boost)  5.15 chrono
  71  5:23  Gateway x2  5.22 warpin
  71  5:32  Blink (Chrono Boost)  
  71  5:35  Protoss Ground Weapons Level 1 (Chrono Boost)   minimap schauen supplycount schauen
  73  5:37  Gateway x2  
  74  5:44  Immortal  5.45 warpin 6.08 warpin
  85  6:20  Robotics Bay  6.18 chrono
  87  6:28  Stalker x3  
  87  6:32  Immortal  6.31 warpin
  101  6:54  Assimilator x2  warpin
  103  7:02  Stalker x3   minimap schauen supplycount schauen
  103  7:03  Gateway x2  
  103  7:07  Forge  
  103  7:08  Extended Thermal Lance  
  109  7:14  Protoss Ground Weapons Level 2 (Chrono Boost)  7.17 warpin
  115  7:23  Charge (Chrono Boost)  7.21 chrono
  115  7:25  Templar Archives  
  115  7:32  Colossus, Zealot x5   minimap schauen supplycount schauen
  125  7:49  Protoss Ground Armor Level 1 (Chrono Boost)  
  125  7:57  Zealot x3  
  131  8:03  High Templar x2  
  135  8:16  Gateway, Archon  8.14 chrono
  135  8:17  High Templar x2, Zealot   minimap schauen supplycount schauen, 9.17 chrono
  141  8:22  Archon  
  141  8:25  Nexus, Colossus  
  147  8:40  High Templar x2  
  147  8:41  Zealot  
  155  8:44  Archon  
  161  9:01  High Templar x2  
  169  9:05  Archon  
  169  9:16  Shield Battery x3  
  169  9:21  Photon Cannon x2  
  169  9:22  Colossus (Chrono Boost)  
  175  9:27  High Templar x2  
  175  9:31  Archon  
  199  9:56  Archon  
Spawning Tool Build Advisor. Get it on Overwolf

Analysis

fe

Go to:

Details

  • Created by: lucahecker
  • Published on: Jun 16, 2022
  • Modified on: Jun 16, 2022
  • Patch: 4.11.0
  • Difficulty: Medium
Show
View Real Time Build Order
Export as new Build Order

Comments (1)

On May 23, 2023, 11:54 a.m., Alkaphrah  said:

This is for PvZ lol

Create an account to comment!